Workbook
Name Agency_type: Lists!$AE$2:$AE$7
Name Commodities_list: Lists!$P$3:$P$72
Name Commodity_names: Lists!$O$3:$O$72
Name Companies_list: 'Part 3 - Reporting entities'!$B$28:$B$46
Name Countries_list: Lists!$A$3:$A$246
Name Currency_code_list: Lists!$E$3:$E$246
Name GFS_list: Lists!$S$3:$S$30
Name Government_entities_list: 'Part 3 - Reporting entities'!$B$15:$B$21
Name Project_phases_list: Lists!$AC$3:$AC$8
Name Projectname: 'Part 3 - Reporting entities'!$B$50:$B$72
Name Reporting_options_list: Lists!$K$3:$K$7
Name Revenue_stream_list: 'Part 4 - Government revenues'!$H$22:$H$28
Name Sector_list: Lists!$AA$3:$AA$9
Name Simple_options_list: Lists!$I$3:$I$7
Name Total_reconciled: 'Part 5 - Company data'!$J$15:$J$97
Name Total_revenues: 'Part 4 - Government revenues'!$J$22:$J$28

Sheet Introduction
E4: Completed on: | G4: 45677
C10: Summary data template for EITI disclosures
C11: Version 2.0 as of 1 July 2019
C13: Filling in this summary data template with EITI Report data will make your EITI Report data accessible in a machine-readable format. (requirement 7.2.d)
C14: “Make the EITI Report available in an open data format (xlsx or csv) online and publicise its availability.” - EITI Requirement 7.1.c
C16: How publishing EITI Report data works:
C17: 1. Use one excel workbook per fiscal year covered. If you are reporting on both oil & gas and mining, both can fit into one workbook.
C18: 2. Fill in the entire workbook - parts 1-5.
C19: 3. This Data sheet should be submitted alongside the EITI Report. Send it to the International Secretariat: data@eiti.org
C20: 4. The data will be used to populate the global EITI data repository, available on the international EITI website: https://eiti.org/data. You will receive the file back which will be fit for publication via the channels of your choice.
C22: This template should be completed in full and submitted to the EITI International Secretariat for each fiscal year covered under EITI Reporting.
C25: This workbook has five parts. Insert the data starting with part 1 and work your way through to part 5
C27: Part 1 (About): Insert country and data characteristics.
... C33: The International Secretariat can provide advice and support on request. Please contact data@eiti.org
C35: Cells in orange must be completed before submission | E35: Cells in light blue are for supplying sources and/or comments | G35: White cells require no action
C37: Cells in grey are for your information: You will receive immediate feedback on many of the data entries and some cells will fill in automatically.
C40: Terminology: Disclosure | E40: Terminology: Simple options
C41: Yes, systematically disclosed: If data is regularly and publicly disclosed by government agencies or companies, and the data is reliable, please select Yes, systematically disclosed | E41: Yes: All the aspects of the question are answered/covered.
C42: Yes, through EITI reporting: If the EITI Report covers certain data gaps in government or corporate disclosures, please select "Yes, in EITI Report". | E42: Partially:Aspects of the question have been answered/covered.
C43: Not available: The data is applicable in the country, but no data or information is available. | E43: No: No information is covered.
C44: Not applicable: If a requirement is not relevant, please select "Not applicable". Refer to any evidence documented as part of the EITI Report, or through minutes of a multi-stakeholder meeting. | E44: Not applicable: The question is not relevant for the case, When it is required, please refer to evidence of non-applicability.
C46: For the latest version of Summary data templates, see https://eiti.org/summary-data-template
C47: Give us your feedback or report a conflict in the data! Write to us at data@eiti.org
C49: EITI International Secretariat
C50: Phone: +47 222 00 800  E-mail: secretariat@eiti.org  Twitter: @EITIorg  www.eiti.org
B51: Country or area | C51: Address: Rådhusgata 26, 0151 Oslo, Norway  P.O. Box: Postboks 340 Sentrum, 0101 Oslo, Norway

Sheet Part 1 - About
C2: Part 1 (About) covers country and data characteristics.
C3: How to complete this sheet:
C4: 1. Starting from the top, select your responses in the grey column. Guidance is provided in yellow boxes once the cell is selected.
C5: 2. Once certain questions are answered, further guidance and questions may appear. Please respond to each of these, until completed.
C6: 3. Include any additional information or comments as needed in the Source/Comments" column.
C7: If you have any questions, please contact data@eiti.org
C9: Cells in orange must be completed | E9: Cells in light blue are for voluntary input | G9: White cells require no action
C11: Part 1 - About
C12: Description | E12: Enter data in this column | G12: Source / Comments
C13: Country or area
B14: Country or area | C14: Country or area name | E14: Sierra Leone
B15: Country or area | C15: ISO Alpha-3 Code | E15: =IFERROR(VLOOKUP($E$14,[1]Lists!$A$3:$G$246,3,FALSE),"") -> SLE
B16: Country or area | C16: National currency name | E16: =IFERROR(VLOOKUP($E$14,[1]Lists!$A$3:$G$246,7,FALSE),"") -> Sierra Leonean leone
B17: Country or area | C17: National currency ISO-4217 | E17: =IFERROR(VLOOKUP($E$14,[1]Lists!$A$3:$G$246,5,FALSE),"") -> SLL
C18: Fiscal year covered by this data file
B19: Fiscal year covered by this data file | C19: Start Date | E19: 44562
B20: Fiscal year covered by this data file | C20: End Date | E20: 44926
C21: Data source
B22: Data source | C22: Has an EITI Report been prepared by an Independent Administrator? | E22: Yes
B23: Data source | C23: What is the name of the company? | E23: BDO LLP UK
B24: Data source | C24: Date that the EITI Report was made public | E24: 45657
B25: Data source | C25: URL, EITI Report | E25: http://sleiti.gov.sl
B26: Data source | C26: Does the government systematically disclose EITI data at a single location? | E26: No
B27: Data source | C27: Publication date of the EITI data | E27: N/A
B28: Data source | C28: Website link (URL) to EITI data | E28: N/A
B29: Data source | C29: Are there other files of relevance? | E29: No
B30: Data source | C30: Date that other file was made public | E30: N/A
B31: Data source | C31: URL | E31: N/A
C32: EITI Requirement 7.2: Data accessibility and open data
C33: Does the government have an open data policy? | E33: Yes
B34: Data coverage / scope | C34: Open data portal / files | E34: https://sierraleone.revenuedev.org/dashboard
B35: Data coverage / scope | C35: Data coverage / scope
B36: Data coverage / scope | C36: Sector coverage
B37: Data coverage / scope | C37: Oil | E37: Yes
B38: Data coverage / scope | C38: Gas | E38: Yes
B39: Data coverage / scope | C39: Mining (incl. Quarrying) | E39: Yes
B40: Data coverage / scope | C40: Other, non-upstream sectors | E40: No
B41: Data coverage / scope | C41: If yes, please specify name (insert new rows if multiple)
B42: Data coverage / scope | C42: Number of reporting government entities (incl SOEs if recipient) | E42: 7
B43: Data coverage / scope | C43: Number of reporting companies (incl SOEs if payer) | E43: 18
B44: Data coverage / scope | C44: Reporting currency (ISO-4217 currency codes) | E44: SLL
B45: Data coverage / scope | C45: Exchange rate used: 1 USD = | E45: 18.839
B46: Data coverage / scope | C46: Exchange rate source (URL,…) | E46: https://mof.gov.sl/wp-content/uploads/2024/03/Annual-Public-Accounts-2023-MARCH-25TH-FINAL.pdf
B47: Data coverage / scope | C47: EITI Requirement 4.7: Disaggregation
B48: Data coverage / scope | C48: … by revenue stream | E48: Yes
C49: … by government agency | E49: Yes
C50: … by company | E50: Yes
C51: … by project | E51: Yes
C52: Data overview / requirement | E52: =SUM(E53:E56) -> 1
C53: Systematically disclosed | E53: =COUNTIF('Part 2 - Disclosure checklist'!$D:$D,Lists!$K$4)/SUM(COUNTIF('Part 2 - Disclosure checklist'!$D:$D,"*EITI Reporting or systematically disclosed?*"),COUNTIF('Part 2 - Disclosure checklist'!$D:$D,Lists!$K$4),COUNTIF('Part 2 - Disclosure checklist'!$D:$D,Lists!$K$5),COUNTIF('Part 2 - Disclosure checklist'!$D:$D,Lists!$K$6),COUNTIF('Part 2 - Disclosure checklist'!$D:$D,Lists!$K$7)) -> 0.19298246 | G53: Calculated using the Disclosure checklist
C54: Through EITI Reporting | E54: =COUNTIF('Part 2 - Disclosure checklist'!$D:$D,Lists!$K$5)/SUM(COUNTIF('Part 2 - Disclosure checklist'!$D:$D,"*EITI Reporting or systematically disclosed?*"),COUNTIF('Part 2 - Disclosure checklist'!$D:$D,Lists!$K$4),COUNTIF('Part 2 - Disclosure checklist'!$D:$D,Lists!$K$5),COUNTIF('Part 2 - Disclosure checklist'!$D:$D,Lists!$K$6),COUNTIF('Part 2 - Disclosure checklist'!$D:$D,Lists!$K$7)) -> 0.50877193 | G54: Calculated using the Disclosure checklist
B55: Contact details: data submission | C55: Not applicable | E55: =COUNTIF('Part 2 - Disclosure checklist'!$D:$D,Lists!$K$6)/SUM(COUNTIF('Part 2 - Disclosure checklist'!$D:$D,"*EITI Reporting or systematically disclosed?*"),COUNTIF('Part 2 - Disclosure checklist'!$D:$D,Lists!$K$4),COUNTIF('Part 2 - Disclosure checklist'!$D:$D,Lists!$K$5),COUNTIF('Part 2 - Disclosure checklist'!$D:$D,Lists!$K$6),COUNTIF('Part 2 - Disclosure checklist'!$D:$D,Lists!$K$7)) -> 0.10526316 | G55: Calculated using the Disclosure checklist
B56: Contact details: data submission | C56: Not available | E56: =COUNTIF('Part 2 - Disclosure checklist'!$D:$D,Lists!$K$7)/SUM(COUNTIF('Part 2 - Disclosure checklist'!$D:$D,"*EITI Reporting or systematically disclosed?*"),COUNTIF('Part 2 - Disclosure checklist'!$D:$D,Lists!$K$4),COUNTIF('Part 2 - Disclosure checklist'!$D:$D,Lists!$K$5),COUNTIF('Part 2 - Disclosure checklist'!$D:$D,Lists!$K$6),COUNTIF('Part 2 - Disclosure checklist'!$D:$D,Lists!$K$7)) -> 0.19298246 | G56: Calculated using the Disclosure checklist
B57: Contact details: data submission | C57: Name and contact information of the person submitting this file
B58: Contact details: data submission | C58: Name | E58: Sahr D. Karku / Hédi Zaghouani
C59: Organisation | E59: SLEITI / BDO LLP UK
C60: Email address | E60: sudaukay@yahoo.com / Hedi.Zaghouani@bdo.co.uk
C63: For the latest version of Summary data templates, see https://eiti.org/summary-data-template
C64: Give us your feedback or report a conflict in the data! Write to us at data@eiti.org
C66: EITI International Secretariat
C67: Phone: +47 222 00 800  E-mail: secretariat@eiti.org  Twitter: @EITIorg  www.eiti.org
B68: Country or area | C68: Address: Rådhusgata 26, 0151 Oslo, Norway  P.O. Box: Postboks 340 Sentrum, 0101 Oslo, Norway

Sheet Part 2 - Disclosure checklist
B2: Part 2 (Disclosure checklist) covers contextual and aggregate financial data for EITI Requirements 2, 3, 4, 5, and 6.
B3: How to complete this sheet:
B4: For each row, please complete the following steps
B5: 1.Starting from the top, begin by responding to questions in the first column (Inclusion). Guidance will be provided in yellow boxes once the cell is highlighted. Click the cells of each EITI Requirement for the precise language of the EITI Standard.
B6: 2.More guidance will appear as you fill the cells. Please fill out as directed, completing every column for each row before beginning the next.
B7: For example, when choosing "Yes, in the EITI Report" "please include the section in the EITI Report" appears in the Source / units box.
B8: 3. Include any additional information or comments as needed in the Comments / Notes" column.
B9: If you have any questions, please contact data@eiti.org
B11: Cells in orange must be completed | D11: Cells in light blue are for voluntary input | F11: White cells require no action
B13: Part 2 - Disclosure checklist
B14: Please fill in answers to all the questions posed below.
B16: Requirement | D16: Inclusion | F16: Source / units | H16: Comments / Notes
B17: EITI Requirement 2.1: Legal framework and fiscal regime
B18: Does the government publish information about
B19: Laws and regulations? | D19: Yes, systematically disclosed | F19: https://sierralii.gov.sl/gazettes/
B20: Overview of government agencies' roles? | D20: Yes, through EITI reporting | F20: Section 4.1.d and Section 4.2.d of EITI report 2022-2023
B21: Mineral and petroleum rights' regime? | D21: Yes, systematically disclosed | F21: http://www.sierra-leone.org/Laws/2011-07.pdf; http://www.sierra-leone.org/Laws/2014-02.pdf; https://sierralii.gov.sl/akn/sl/act/2023/16/eng@2023-05-12
B22: Fiscal regime? | D22: Yes, through EITI reporting | F22: Section 4.1.e and Section 4.2.d of EITI report 2022-2023
B24: EITI Requirement 2.2: Contract and license allocations
B25: Does the government publish information about
B26: the award process(es)? | D26: Yes, through EITI reporting | F26: Section 4.1.k and Section 4.2.g of EITI report 2022-2023
B27: and the technical and financial criteria used? | D27: Yes, through EITI reporting | F27: Section 4.1.k and Section 4.2.g of EITI report 2022-2023
B28: the transfer process(es)? | D28: Yes, through EITI reporting | F28: Section 4.1.k and Section 4.2.g of EITI report 2022-2023
B29: and the technical and financial criteria used? | D29: Yes, through EITI reporting | F29: Section 4.1.k and Section 4.2.g of EITI report 2022-2023
B30: bidding rounds/process(es)? | D30: Yes, systematically disclosed | F30: https://pd.gov.sl/?page_id=27
B31: No. of license awards and transfers for the covered year | D31: 21 | F31: Page 58 of EITI report 2022-2023
B33: EITI Requirement 2.3: Register of licenses
B34: License register for mining sector | D34: Yes, systematically disclosed | F34: https://sierraleone.revenuedev.org/dashboard | H34: A log in detail has to be created to gain access to this site
B35: License register for petroleum sector | D35: Yes, through EITI reporting | F35: Section 4.2.h of EITI report 2022-2023
B37: EITI Requirement 2.4: Contract disclosure
B38: Government policy on contract disclosure | D38: Not available | F38: Section 4.1.j of EITI report 2022-2023 | H38: There is currently no law on contract disclosure
B39: Are contracts or full license texts disclosed? | D39: Yes, systematically disclosed | F39: https://www.resourcecontracts.org/countries/sl?lang=en; http://www.nma.gov.sl/mining-agreements/
B40: Contract register for mining sector | D40: Yes, systematically disclosed | F40: https://www.resourcecontracts.org/countries/sl?lang=en; http://www.nma.gov.sl/mining-agreements/
B41: Contract register for petroleum sector | D41: Not available | F41: =IF(D41=Lists!$K$4,"< Input URL to data source >",IF(D41=Lists!$K$5,"< Reference section in EITI Report or URL >",IF(D41=Lists!$K$6,"< Reference evidence of non-applicability >","")))
B42: Contract register for other sector(s) - add rows if several | D42: Not applicable | F42: =IF(D42=Lists!$K$4,"< Input URL to data source >",IF(D42=Lists!$K$5,"< Reference section in EITI Report or URL >",IF(D42=Lists!$K$6,"< Reference evidence of non-applicability >",""))) -> < Reference evidence of non-applicability >
B44: EITI Requirement 2.5: Beneficial ownership
B45: Government policy on beneficial ownership | D45: Not available | F45: Section 4.3 of EITI report 2022-2023 | H45: Currently, there is no law on BO. However, it is included in the revised Mines & Mineral Act.
B46: Is beneficial ownership data disclosed? | D46: Yes, through EITI reporting | F46: Annex 9 of EITI report 2022-2023
B47: Beneficial ownership registry | D47: Not available | F47: =IF(D47="< name of the registry >","< Input URL to data source >",IF(D47=Lists!$K$5,"< Reference section in EITI Report or URL >",IF(D47=Lists!$K$6,"< Reference evidence of non-applicability >","")))
B49: EITI Requirement 2.6: State participation
B50: Does the government report how it participates in the extractive sector? | D50: Yes, through EITI reporting | F50: Section 4.1.l and Section 4.2.j of EITI report 2022-2023
B51: References to state-owned enterprises portals or company website(s), for example as stated in the Report (Add rows if several SOEs) | D51: Not available
B52: References to state-owned enterprises or company Audited Financial Statement (Add rows if several SOEs) | D52: Not available | F52: =IF(D52=Lists!$K$4,"< Input URL to data source >",IF(D52=Lists!$K$5,"< Reference section in EITI Report or URL >",IF(D52=Lists!$K$6,"< Reference evidence of non-applicability >","")))
B54: EITI Requirement 3.1: Exploration
B55: Overview of the extractive industries, including any significant exploration activities | D55: Yes, through EITI reporting | F55: Section 4.1.b and Section 4.2.a of EITI report 2022-2023
B57: EITI Requirement 3.2: Production by commodity
B58: (Harmonised System Codes)
B59: Disclosure of production volumes | D59: Yes, through EITI reporting | F59: Section 4.1.v of EITI report 2022-2023
B60: Disclosure of production values | D60: Yes, through EITI reporting | F60: Section 4.1.v of EITI report 2022-2023
B61: Diamonds (7102), volume | D61: 525971 | F61: carats
B62: =LEFT(B61,SEARCH(",",B61))&" value" -> Diamonds (7102), value | D62: 97961485 | F62: USD | H62: <method of value calculation, if available>
B63: Iron (2601), volume | D63: 7586499 | F63: Tonnes
B64: =LEFT(B63,SEARCH(",",B63))&" value" -> Iron (2601), value | D64: 473386536 | F64: USD | H64: <method of value calculation, if available>
B65: Gold (7108), volume | D65: 113628 | F65: Grams
B66: =LEFT(B65,SEARCH(",",B65))&" value" -> Gold (7108), value | D66: 7204312 | F66: USD | H66: Please note that, other Minerals such as Bauxite, Rutile, ilmenite and Zircon couldn’t be found in the checklist
B67: Heavy Minerals Concentrate, volume | D67: 29970 | F67: WMT
B68: Heavy Minerals Concentrate, value | D68: 20557902 | F68: USD | H68: <method of value calculation, if available>
B69: Bauxite, volume | D69: 973424 | F69: Tonnes
B70: Bauxite, value | D70: 32344446 | F70: USD | H70: <method of value calculation, if available>
B71: Rutile, volume | D71: 135812 | F71: Tonnes
B72: Rutile, value | D72: 195924769 | F72: USD | H72: <method of value calculation, if available>
B73: Garnet, volume | D73: 0 | F73: Tonnes
B74: Garnet, value | D74: 0 | F74: USD | H74: <method of value calculation, if available>
B75: Ilmenite, volume | D75: 58590 | F75: Tonnes
B76: Ilmenite, value | D76: 14874976 | F76: USD | H76: <method of value calculation, if available>
B77: Zircon, volume | D77: 10709 | F77: Tonnes
B78: Zircon, value | D78: 17435173 | F78: USD | H78: <method of value calculation, if available>
B80: EITI Requirement 3.3: Exports
B81: Disclosure of export volumes | D81: Yes, through EITI reporting | F81: Section 4.1.v of EITI report 2022-2023
B82: Disclosure of export values | D82: Yes, through EITI reporting | F82: Section 4.1.v of EITI report 2022-2023
B83: Diamonds (7102), volume | D83: 551553 | F83: carats
B84: =LEFT(B83,SEARCH(",",B83))&" value" -> Diamonds (7102), value | D84: 103015525 | F84: USD | H84: <method of value calculation, if available>
B85: Iron (2601), volume | D85: 7831996 | F85: Tonnes
B86: =LEFT(B85,SEARCH(",",B85))&" value" -> Iron (2601), value | D86: 478038112 | F86: USD | H86: <method of value calculation, if available>
B87: Gold (7108), volume | D87: 521103 | F87: Grams
B88: =LEFT(B87,SEARCH(",",B87))&" value" -> Gold (7108), value | D88: 24285067 | F88: USD | H88: <method of value calculation, if available>
B89: Heavy Minerals Concentrate, volume | D89: 27945 | F89: WMT
B90: Heavy Minerals Concentrate, value | D90: 24265710 | F90: USD | H90: <method of value calculation, if available>
B91: Bauxite, volume | D91: 851641 | F91: Tonnes
B92: Bauxite, value | D92: 28297901 | F92: USD | H92: <method of value calculation, if available>
B93: Rutile, volume | D93: 134771 | F93: Tonnes
B94: Rutile, value | D94: 194423004 | F94: USD | H94: <method of value calculation, if available>
B95: Ilmenite, volume | D95: 62360 | F95: Tonnes
B96: Ilmenite, value | D96: 15832113 | F96: USD | H96: <method of value calculation, if available>
B97: Garnet, volume | D97: 7002 | F97: Tonnes
B98: Garnet, value | D98: 864476 | F98: USD
B99: Zircon, volume | D99: 41564 | F99: Tonnes
B100: Zircon, value | D100: 67669767 | F100: USD | H100: <method of value calculation, if available>
B102: EITI Requirement 4.1: Comprehensiveness
B103: Does the government fully disclose extractive sector revenues by revenue stream? | D103: Yes, through EITI reporting | F103: Section 1.3.d of EITI report 2022-2023
B104: Are MSG decisions on materiality thresholds publicly available? | D104: Yes, through EITI reporting | F104: Title 3 of EITI report 2022-2023 (SCOPE OF THE SLEITI REPORT)
B105: Reconciliation coverage | D105: Not applicable | F105: The EITI report 2022-2023 was prepared using flexible reporting approach (without reconciliation) based on information disclosed by government agencies and companies.
B107: EITI Requirement 4.2: In-kind revenues
B108: Does the government disclose data on in-kind revenues and sales of state share of production? | D108: Not applicable | F108: Section 4.1.m of EITI report 2022-2023
B109: If yes, what was the volume received?
B113: If yes, what was sold?
B120: If yes, what was the total revenue transferred to the state from the proceeds of oil, gas and minerals sold? | F120: USD
B122: EITI Requirement 4.3: Barter agreements
B123: Does the government disclose information on barter and infrastructure agreements? | D123: Yes, through EITI reporting | F123: Annex 6 of EITI report 2022-2023
B124: If yes, what was the total revenues received from barter and infrastructure agreements? | D124: =533323952/18.839 -> 28309568 | F124: USD
...

Sheet Part 3 - Reporting entities
B2: Part 3 (Reporting entities) covers lists reporting entities (Government agencies, companies and projects) and related information.
B3: How to complete this sheet:
B4: 1.Please begin with the first box (Reporting government entities list), with the name of each government reporting agency
B5: 2.Fill the Company ID row. Guidance will be provided in yellow boxes once the cell is highlighted.
B6: 3.Fill the Reporting Companies' list, beginning with first column "Full Company name". Please fill out as directed, completing every column for each row before beginning the next.
B7: 4.Fill the Reporting projects' list, beginning with first column "Full project name"
B8: If you have any questions, please contact data@eiti.org
B10: Part 3 - Reporting entities
B11: Please provide a list of all reporting entities, alongside relevant information
B13: Reporting government entities list
B14: Full name of agency | C14: Agency type | D14: ID number (if applicable) | E14: Total reported
B15: National Revenue Authority | C15: Central goverment | E15: =SUMIF('Part 4 - Government revenues'!$I$22:$I$28,Government_entities_list,Total_revenues) -> 24812070
B16: Environmental Protection Agency | C16: Central goverment | E16: =SUMIF('Part 4 - Government revenues'!$I$22:$I$28,Government_entities_list,Total_revenues) -> 1360.2102
B17: National Mineral Agency | C17: Central goverment | E17: =SUMIF('Part 4 - Government revenues'!$I$22:$I$28,Government_entities_list,Total_revenues) -> 0
B18: Ministry of Mines and Mineral Resources | C18: Central goverment | E18: =SUMIF('Part 4 - Government revenues'!$I$22:$I$28,Government_entities_list,Total_revenues) -> 0
B19: Pectroleum Directorate | C19: Central goverment | E19: =SUMIF('Part 4 - Government revenues'!$I$22:$I$28,Government_entities_list,Total_revenues) -> 0
B20: District Council, Chiefdom council Paramount Chiefs, Constituency development | C20: Local government | E20: =SUMIF('Part 4 - Government revenues'!$I$22:$I$28,Government_entities_list,Total_revenues) -> 305151
B21: Chiefdom Administrations | C21: Local government | E21: =SUMIF('Part 4 - Government revenues'!$I$22:$I$28,Government_entities_list,Total_revenues) -> 0
B23: Reporting companies' list
B24: Company ID references
B25: TIN Numbers | C25: National Revenue Authority | D25: Not available
B27: Full company name | C27: Company type | D27: Company ID number | E27: Sector | F27: Commodities (comma-seperated) | G27: Stock exchange listing or company website | H27: Audited financial statement (or balance sheet, cash flows, profit/loss statement if unavailable) | I27: Payments to Governments Report
B28: Koidu Limited | C28: Private | D28: 1000077985 | E28: Mining | F28: Diamond | G28: Not applicable | H28: Yes | I28: =SUMIF('Part 5 - Company data'!$C$15:$C$97,Companies_list,Total_reconciled) -> 10717206
B29: Sierra Rutile Limited | C29: Private | D29: 1000005453 | E29: Mining | F29: Rutile | G29: Not applicable | H29: Not available | I29: =SUMIF('Part 5 - Company data'!$C$15:$C$97,Companies_list,Total_reconciled) -> 4738389.8
B30: Marampa Mines Ltd | C30: Private | D30: 1000178031 | E30: Mining | F30: Iron Ore | G30: Not applicable | H30: Yes | I30: =SUMIF('Part 5 - Company data'!$C$15:$C$97,Companies_list,Total_reconciled) -> 4151889.3
B31: Kingho Mining Company Ltd | C31: Private | D31: 1000001229 | E31: Mining | F31: Iron Ore | G31: Not applicable | H31: Not available | I31: =SUMIF('Part 5 - Company data'!$C$15:$C$97,Companies_list,Total_reconciled) -> 3048000.2
B32: Newfield/Sierra Diamond Ltd | C32: Private | D32: 1000000044 | E32: Mining | F32: Diamond | G32: Not applicable | H32: Not available | I32: =SUMIF('Part 5 - Company data'!$C$15:$C$97,Companies_list,Total_reconciled) -> 1354538.4
B33: CTC MINING (SL) LTD | C33: Private | D33: 1000533875 | E33: Mining | F33: Bauxite | G33: Not applicable | H33: Yes | I33: =SUMIF('Part 5 - Company data'!$C$15:$C$97,Companies_list,Total_reconciled) -> 1225580.3
B34: Meya Mining | C34: Private | D34: 1000000125 | E34: Mining | F34: Diamond | G34: Not applicable | H34: Yes | I34: =SUMIF('Part 5 - Company data'!$C$15:$C$97,Companies_list,Total_reconciled) -> 996907.17
B35: Gold Lion Mining company SL Ltd | C35: Private | D35: 1000001946 | E35: Mining | F35: Gold | G35: Not applicable | H35: Not available | I35: =SUMIF('Part 5 - Company data'!$C$15:$C$97,Companies_list,Total_reconciled) -> 700982.33
B36: Seawright mining Co Ltd | C36: Private | D36: 1000074145 | E36: Mining | F36: Diamond | G36: Not applicable | H36: Not available | I36: =SUMIF('Part 5 - Company data'!$C$15:$C$97,Companies_list,Total_reconciled) -> 533130.28
B37: FG Gold Limited | C37: Private | D37: 1000109607 | E37: Mining | F37: Gold | G37: Not applicable | H37: Yes | I37: =SUMIF('Part 5 - Company data'!$C$15:$C$97,Companies_list,Total_reconciled) -> 514240.55
B38: Afro-Asia mining Corporation | C38: Private | D38: 1000085996 | E38: Mining | F38: Ilmenite, Rutile Zircon | G38: Not applicable | H38: Not available | I38: =SUMIF('Part 5 - Company data'!$C$15:$C$97,Companies_list,Total_reconciled) -> 489632.05
B39: Kingho/CKH Mining Company | C39: Private | D39: 1000535320 | E39: Mining | F39: Iron Ore | G39: Not applicable | H39: Not available | I39: =SUMIF('Part 5 - Company data'!$C$15:$C$97,Companies_list,Total_reconciled) -> 318041.72
B40: Kingho/Northern Mining Co | C40: Private | D40: 1000535266 | E40: Mining | F40: Iron Ore | G40: Not applicable | H40: Not available | I40: =SUMIF('Part 5 - Company data'!$C$15:$C$97,Companies_list,Total_reconciled) -> 318025.18
B41: kingho/Mass Energy Mining Co | C41: Private | D41: 1000535241 | E41: Mining | F41: Iron Ore | G41: Not applicable | H41: Not available | I41: =SUMIF('Part 5 - Company data'!$C$15:$C$97,Companies_list,Total_reconciled) -> 312077.98
B42: KASINO MINING COMPANY | C42: Private | D42: 1000088502 | E42: Mining | F42: Ilmenite, Rutile, Zircon | G42: Not applicable | H42: Yes | I42: =SUMIF('Part 5 - Company data'!$C$15:$C$97,Companies_list,Total_reconciled) -> 254660.58
B43: TONGUMA LIMITED | C43: Private | D43: 1000067572 | E43: Mining | F43: Diamond | G43: Not applicable | H43: Not available | I43: =SUMIF('Part 5 - Company data'!$C$15:$C$97,Companies_list,Total_reconciled) -> 175843.86
B44: Kingho Rail and Port | C44: Private | D44: 1000001202 | E44: Mining | F44: Other commodities | G44: Not applicable | H44: Not available | I44: =SUMIF('Part 5 - Company data'!$C$15:$C$97,Companies_list,Total_reconciled) -> 105992.72
B45: Cheng Li Trading Mining Comp. (SL) Ltd | C45: Private | D45: 1000001237 | E45: Mining | F45: Gold | G45: Not applicable | H45: Not available | I45: =SUMIF('Part 5 - Company data'!$C$15:$C$97,Companies_list,Total_reconciled) -> 47611.015
B46: Other Mining companies and Dimond and Gold exports | C46: Private | E46: Mining | G46: Not applicable | H46: Not available | I46: =SUMIF('Part 5 - Company data'!$C$15:$C$97,Companies_list,Total_reconciled) -> 4501527.1
B48: Reporting projects' list
B49: Full project name | C49: Legal agreement reference number(s): contract, licence, lease, concession, … | D49: Affiliated companies, start with Operator | E49: Commodities (one commodity/row) | F49: Status | G49: Production (volume) | H49: Unit | I49: Production (value) | J49: Currency
B50: ML06/95 | C50: ML06/95 | D50: Koidu Limited | E50: Gold (7108) | F50: Production | G50: 516694 | H50: Grams | I50: 96502923 | J50: USD
B51: ML-2134 | C51: ML-2134 | D51: Sierra Rutile Limited | E51: Rutile | F51: Production | G51: 135812 | H51: Tonnes | I51: 1.9592477e+08 | J51: USD
C52: ML-2134 | D52: Sierra Rutile Limited | E52: Ilmenite | F52: Production | G52: 58590 | H52: Tonnes | I52: 14874976 | J52: USD
C53: ML-2134 | D53: Sierra Rutile Limited | E53: Zircon | F53: Production | G53: 10709 | H53: Tonnes | I53: 17435173 | J53: USD
B54: ML 4/2021 | C54: ML 4/2021 | D54: Marampa Mines Ltd | E54: Iron (2601) | F54: Production | G54: 2246687 | H54: Tonnes | I54: 2.131241e+08 | J54: USD
B55: ML 1/2020 | C55: ML 1/2020 | D55: Kingho Mining Company Ltd | E55: Diamonds (7102) | F55: Production | G55: 5339812 | H55: carats | I55: 2.6026244e+08 | J55: USD
B56: ML 2/2018 | C56: ML 2/2018 | D56: Newfield/Sierra Diamond Ltd | E56: Iron (2601) | F56: Production | G56: 0 | H56: Tonnes | I56: 0 | J56: USD
B57: ML 2&3/2022 | C57: ML 2&3/2022 | D57: CTC MINING (SL) LTD | E57: Diamonds (7102) | F57: Production | G57: 0 | H57: carats | I57: 0 | J57: USD
B58: ML 2/2019 | C58: ML 2/2019 | D58: Meya Mining | E58: Rutile | F58: Production | G58: 1243 | H58: Tonnes | I58: 310715 | J58: USD
B59: ML 1/2019 | C59: ML 1/2019 | D59: Gold Lion Mining company SL Ltd | E59: Ilmenite | F59: Production | G59: 95808 | H59: Tonnes | I59: 4785817.9 | J59: USD
B60: ML 1/2021 | C60: ML 1/2021 | D60: Seawright mining Co Ltd | E60: Garnet | F60: Production | G60: 0 | H60: Tonnes | I60: 0 | J60: USD
B61: ML 2/2021 | C61: ML 2/2021 | D61: FG Gold Limited | E61: Gold (7108) | F61: Production | G61: 0 | H61: Grams | I61: 0 | J61: USD
B62: SML 1/2019 & 17/2022 | C62: SML 1/2019 & 17/2022 | D62: Afro-Asia mining Corporation | E62: Heavy Minerals Concentrate | F62: Production | G62: 9990 | H62: Tonnes | I62: 10025499 | J62: USD
B63: ML 4/2014 | C63: ML 4/2014 | D63: Kingho/CKH Mining Company | E63: Iron (2601) | F63: Production | G63: 0 | H63: Tonnes | I63: 0 | J63: USD
B64: ML 1/2014 | C64: ML 1/2014 | D64: Kingho/Northern Mining Co | E64: Iron (2601) | F64: Production | G64: 0 | H64: Tonnes | I64: 0 | J64: USD
B65: ML 3/2014 | C65: ML 3/2014 | D65: kingho/Mass Energy Mining Co | E65: Iron (2601) | F65: Production | G65: 0 | H65: Tonnes | I65: 0 | J65: USD
... B72: Other projects | C72: Other projects | D72: Other Mining companies and Dimond and Gold exports | E72: Bauxite | F72: Production | G72: 973424 | H72: carats | I72: 32344446 | J72: USD
B74: For the latest version of Summary data templates, see https://eiti.org/summary-data-template
B75: Give us your feedback or report a conflict in the data! Write to us at data@eiti.org
B77: EITI International Secretariat
B78: Phone: +47 222 00 800  E-mail: secretariat@eiti.org  Twitter: @EITIorg  www.eiti.org
B79: Address: Rådhusgata 26, 0151 Oslo, Norway  P.O. Box: Postboks 340 Sentrum, 0101 Oslo, Norway

Sheet Part 4 - Government revenues
N3: Summary data template
N4: =Introduction!G4 -> 45677
F8: Part 4 (Government revenues) contains comprehensive data on government revenues per revenue stream, according to GFSM classification.
F9: How to complete this sheet:
F10: 1. Enter the name of all government Revenue streams for the extractive sectors, including revenues that fall below agreed materiality thresholds (one row should be used for each individual revenue stream and individual governmant entity)
F11: 2. Enter the name of the receiving Government entity (choose using the dropdown list. It will appear there since you have already entered the government entitiy in Part 3).
F12: 3.Choose the Sector and the GFS Classification this revenue applies to. Use the guidance provided in the GFS Framework for EITI reporting. If a revenue stream cannot be disaggregated by sector, chose "Other".
F13: 4. In the Revenue value column, enter total figure of each revenue stream as disclosed by government, including revenues that were not reconciled.
F14: Remember: Governments receipts from companies on behalf of their employees should be excluded (e.g personal income tax PAYE, employee social security contributions, withholding tax) because they are not considered payments from companies to government.
F15: 5. If there are any payments which are in the EITI Report, but cannot be matched with the GFS categories, please list them in the box below called "Additional information".
F16: If you have any questions, please contact data@eiti.org
F18: Total government revenues from extractive sector (using GFS) | M18: GFS Framework for EITI Reporting
M19: EITI Requirement 5.1.b: Revenue classification
F20: EITI Requirement 4.1.d: Full government disclosure
B21: GFS Level 1 | C21: GFS Level 2 | D21: GFS Level 3 | E21: GFS Level 4 | F21: GFS Classification | G21: Sector | H21: Revenue stream name | I21: Government entity | J21: Revenue value | K21: Currency | M21: What is GFS?
B22: =IFERROR(VLOOKUP('Part 4 - Government revenues'!$F22,Lists!$S$3:$Y$30,COLUMNS($F:F)+3,FALSE),"Do not enter data") -> Other revenue (14E) | C22: =IFERROR(VLOOKUP('Part 4 - Government revenues'!$F22,Lists!$S$3:$Y$30,COLUMNS($F:G)+3,FALSE),"Do not enter data") -> Property income (141E) | D22: =IFERROR(VLOOKUP('Part 4 - Government revenues'!$F22,Lists!$S$3:$Y$30,COLUMNS($F:H)+3,FALSE),"Do not enter data") -> Rent (1415E) | E22: =IFERROR(VLOOKUP('Part 4 - Government revenues'!$F22,Lists!$S$3:$Y$30,COLUMNS($F:I)+3,FALSE),"Do not enter data") -> Royalties (1415E1) | F22: Royalties (1415E1) | G22: Mining | H22: Royalty | I22: National Revenue Authority | J22: 11731022 | K22: USD | M22: GFS, or Government Finance Statistics, is an international framework for categorising revenue streams so they are comparable across countries and time-periods. See full framework example below. The framework used below has been developped by the IMF and EITI International Secretariat. The letter E in the GFS codes means that these are codes only used for revenues from extractives companies. The digits to the right were specifically designed for extractive sector companies.
B23: =IFERROR(VLOOKUP('Part 4 - Government revenues'!$F23,Lists!$S$3:$Y$30,COLUMNS($F:F)+3,FALSE),"Do not enter data") -> Taxes (11E) | C23: =IFERROR(VLOOKUP('Part 4 - Government revenues'!$F23,Lists!$S$3:$Y$30,COLUMNS($F:G)+3,FALSE),"Do not enter data") -> Taxes on goods and services (114E) | D23: =IFERROR(VLOOKUP('Part 4 - Government revenues'!$F23,Lists!$S$3:$Y$30,COLUMNS($F:H)+3,FALSE),"Do not enter data") -> Taxes on use of goods/permission to use goods or perform activities (1145E) | E23: =IFERROR(VLOOKUP('Part 4 - Government revenues'!$F23,Lists!$S$3:$Y$30,COLUMNS($F:I)+3,FALSE),"Do not enter data") -> Licence fees (114521E) | F23: Licence fees (114521E) | G23: Mining | H23: Mining Licence | I23: National Revenue Authority | J23: 8192514 | K23: USD
B24: =IFERROR(VLOOKUP('Part 4 - Government revenues'!$F24,Lists!$S$3:$Y$30,COLUMNS($F:F)+3,FALSE),"Do not enter data") -> Taxes (11E) | C24: =IFERROR(VLOOKUP('Part 4 - Government revenues'!$F24,Lists!$S$3:$Y$30,COLUMNS($F:G)+3,FALSE),"Do not enter data") -> Taxes on goods and services (114E) | D24: =IFERROR(VLOOKUP('Part 4 - Government revenues'!$F24,Lists!$S$3:$Y$30,COLUMNS($F:H)+3,FALSE),"Do not enter data") -> Taxes on use of goods/permission to use goods or perform activities (1145E) | E24: =IFERROR(VLOOKUP('Part 4 - Government revenues'!$F24,Lists!$S$3:$Y$30,COLUMNS($F:I)+3,FALSE),"Do not enter data") -> Licence fees (114521E) | F24: Licence fees (114521E) | G24: Mining | H24: EIA Licensing and monitoring fees | I24: National Revenue Authority | J24: 2672955.4 | K24: USD
B25: =IFERROR(VLOOKUP('Part 4 - Government revenues'!$F25,Lists!$S$3:$Y$30,COLUMNS($F:F)+3,FALSE),"Do not enter data") -> Taxes (11E) | C25: =IFERROR(VLOOKUP('Part 4 - Government revenues'!$F25,Lists!$S$3:$Y$30,COLUMNS($F:G)+3,FALSE),"Do not enter data") -> Taxes on international trade and transactions (115E) | D25: =IFERROR(VLOOKUP('Part 4 - Government revenues'!$F25,Lists!$S$3:$Y$30,COLUMNS($F:H)+3,FALSE),"Do not enter data") -> Customs and other import duties (1151E) | E25: =IFERROR(VLOOKUP('Part 4 - Government revenues'!$F25,Lists!$S$3:$Y$30,COLUMNS($F:I)+3,FALSE),"Do not enter data") -> Customs and other import duties (1151E) | F25: Customs and other import duties (1151E) | G25: Mining | H25: Import and Export duties | I25: National Revenue Authority | J25: 1471057 | K25: USD
B26: =IFERROR(VLOOKUP('Part 4 - Government revenues'!$F26,Lists!$S$3:$Y$30,COLUMNS($F:F)+3,FALSE),"Do not enter data") -> Taxes (11E) | C26: =IFERROR(VLOOKUP('Part 4 - Government revenues'!$F26,Lists!$S$3:$Y$30,COLUMNS($F:G)+3,FALSE),"Do not enter data") -> Taxes on income, profits and capital gains (111E) | D26: =IFERROR(VLOOKUP('Part 4 - Government revenues'!$F26,Lists!$S$3:$Y$30,COLUMNS($F:H)+3,FALSE),"Do not enter data") -> Ordinary taxes on income, profits and capital gains (1112E1) | E26: =IFERROR(VLOOKUP('Part 4 - Government revenues'!$F26,Lists!$S$3:$Y$30,COLUMNS($F:I)+3,FALSE),"Do not enter data") -> Ordinary taxes on income, profits and capital gains (1112E1) | F26: Ordinary taxes on income, profits and capital gains (1112E1) | G26: Mining | H26: Corporate Tax | I26: National Revenue Authority | J26: 744520.87 | K26: USD
B27: =IFERROR(VLOOKUP('Part 4 - Government revenues'!$F27,Lists!$S$3:$Y$30,COLUMNS($F:F)+3,FALSE),"Do not enter data") -> Other revenue (14E) | C27: =IFERROR(VLOOKUP('Part 4 - Government revenues'!$F27,Lists!$S$3:$Y$30,COLUMNS($F:G)+3,FALSE),"Do not enter data") -> Property income (141E) | D27: =IFERROR(VLOOKUP('Part 4 - Government revenues'!$F27,Lists!$S$3:$Y$30,COLUMNS($F:H)+3,FALSE),"Do not enter data") -> Rent (1415E) | E27: =IFERROR(VLOOKUP('Part 4 - Government revenues'!$F27,Lists!$S$3:$Y$30,COLUMNS($F:I)+3,FALSE),"Do not enter data") -> Other rent payments (1415E5) | F27: Other rent payments (1415E5) | G27: Mining | H27: Surface rent | I27: District Council, Chiefdom council Paramount Chiefs, Constituency development | J27: 305151 | K27: USD
B28: =IFERROR(VLOOKUP('Part 4 - Government revenues'!$F28,Lists!$S$3:$Y$30,COLUMNS($F:F)+3,FALSE),"Do not enter data") -> Taxes (11E) | C28: =IFERROR(VLOOKUP('Part 4 - Government revenues'!$F28,Lists!$S$3:$Y$30,COLUMNS($F:G)+3,FALSE),"Do not enter data") -> Taxes on payroll and workforce (112E) | D28: =IFERROR(VLOOKUP('Part 4 - Government revenues'!$F28,Lists!$S$3:$Y$30,COLUMNS($F:H)+3,FALSE),"Do not enter data") -> Taxes on payroll and workforce (112E) | E28: =IFERROR(VLOOKUP('Part 4 - Government revenues'!$F28,Lists!$S$3:$Y$30,COLUMNS($F:I)+3,FALSE),"Do not enter data") -> Taxes on payroll and workforce (112E) | F28: Taxes on payroll and workforce (112E) | G28: Mining | H28: Payroll Tax | I28: Environmental Protection Agency | J28: 1360.2102 | K28: USD
I30: Total in USD | J30: =SUMIF('Part 4 - Government revenues'!$K$22:$K$28,"USD",'Part 4 - Government revenues'!$J$22:$J$28)+(IFERROR(SUMIF('Part 4 - Government revenues'!$K$22:$K$28,"<>USD",'Part 4 - Government revenues'!$J$22:$J$28)/'Part 1 - About'!$E$45,0)) -> 25118581
I32: ="Total in "&'Part 1 - About'!$E$44 -> Total in SLL | J32: =J30*'Part 1 - About'!E45 -> 4.7320894e+08
F36: Additional information
F37: Any additional information that is not eligible for inclusion in the table above, please include below as comments.
F40: Comment 1 | G40: Please include comments here. PAYE and withholding taxes are not paid on behalf of companies and should therefore be excluded
G41: Mining | H41: PAYE | I41: National Revenue Authority | J41: 7631697.2 | K41: USD
G42: Mining | H42: Withholding tax(5%) on contract | I42: National Revenue Authority | J42: 1730272.3 | K42: USD
G43: Mining | H43: WH Income Tax | I43: National Revenue Authority | J43: 23726.02 | K43: USD
G44: Total | J44: =SUM(J41:J43)+J30 -> 34504276 | K44: USD
G45: Total | J45: =+J44*'Part 1 - About'!E45 -> 6.5002606e+08 | K45: SLL
F55: For the latest version of Summary data templates, see https://eiti.org/summary-data-template
F56: Give us your feedback or report a conflict in the data! Write to us at data@eiti.org
F58: EITI International Secretariat
F59: Phone: +47 222 00 800  E-mail: secretariat@eiti.org  Twitter: @EITIorg  www.eiti.org
F60: Address: Rådhusgata 26, 0151 Oslo, Norway  P.O. Box: Postboks 340 Sentrum, 0101 Oslo, Norway

Sheet Part 5 - Company data
C2: Part 5 (Company data) contains company- and project-level data per revenue stream. The companies and projects are available from drop-down since the data is entered in sheet 3.
C3: How to fill this sheet:
C4: 1. Select company name from drop-down menu
C5: 2. Select government collecting entity and payment name from drop-down menu
C6: 3. Indicate whether the payment stream is (i) levied on project and (ii) reported by project
C7: 4. Enter project information: project name, and reporting currency
C8: 5. Enter revenue value,as disclosed by government and any comments that may be applicable
C9: If you have any questions, please contact data@eiti.org
C11: Government revenues by company and project
B13: EITI Requirement 4.1.c: Company payments ; EITI Requirement 4.7: Project-level reporting
B14: Sector | C14: Company | D14: Government entity | E14: Revenue stream name | F14: Levied on project (Y/N) | G14: Reported by project (Y/N) | H14: Project name | I14: Reporting currency | J14: Revenue value | K14: Payment made in-kind (Y/N) | L14: In-kind volume (if applicable) | M14: Unit (if applicable) | N14: Comments
B15: =VLOOKUP(C15,'Part 3 - Reporting entities'!$B$28:$I$46,3,FALSE) -> 1000077985 | C15: Koidu Limited | D15: Environmental Protection Agency | E15: EIA Licensing and monitoring fees | F15: Yes | G15: Yes | H15: ML 06/95 | I15: USD | J15: 89436.355 | K15: No
B16: =VLOOKUP(C16,'Part 3 - Reporting entities'!$B$28:$I$46,3,FALSE) -> 1000077985 | C16: Koidu Limited | D16: National Revenue Authority | E16: Import and Export duties | F16: Yes | G16: Yes | H16: ML 06/95 | I16: USD | J16: 929365.2 | K16: No
B17: =VLOOKUP(C17,'Part 3 - Reporting entities'!$B$28:$I$46,3,FALSE) -> 1000077985 | C17: Koidu Limited | D17: National Revenue Authority | E17: Mining Licence | F17: Yes | G17: Yes | H17: ML 06/95 | I17: USD | J17: 396676.48 | K17: No
B18: =VLOOKUP(C18,'Part 3 - Reporting entities'!$B$28:$I$46,3,FALSE) -> 1000077985 | C18: Koidu Limited | D18: National Revenue Authority | E18: Paye | F18: Yes | G18: Yes | H18: ML 06/95 | I18: USD | J18: 3740921.1 | K18: No
B19: =VLOOKUP(C19,'Part 3 - Reporting entities'!$B$28:$I$46,3,FALSE) -> 1000077985 | C19: Koidu Limited | D19: National Revenue Authority | E19: Royalty | F19: Yes | G19: Yes | H19: ML 06/95 | I19: USD | J19: 4766895.4 | K19: No
B20: =VLOOKUP(C20,'Part 3 - Reporting entities'!$B$28:$I$46,3,FALSE) -> 1000077985 | C20: Koidu Limited | D20: District Council, Chiefdom council Paramount Chiefs, Constituency development | E20: Surface rent | F20: Yes | G20: Yes | H20: ML 06/95 | I20: USD | J20: 49699.599 | K20: No
B21: =VLOOKUP(C21,'Part 3 - Reporting entities'!$B$28:$I$46,3,FALSE) -> 1000077985 | C21: Koidu Limited | D21: National Revenue Authority | E21: W/H 5% Contract | F21: Yes | G21: Yes | H21: ML 06/95 | I21: USD | J21: 744211.45 | K21: No
B22: =VLOOKUP(C22,'Part 3 - Reporting entities'!$B$28:$I$46,3,FALSE) -> 1000005453 | C22: Sierra Rutile Limited | D22: National Revenue Authority | E22: Corporate Tax | F22: Yes | G22: Yes | H22: ML2134 | I22: USD | J22: 526913.3 | K22: No
B23: =VLOOKUP(C23,'Part 3 - Reporting entities'!$B$28:$I$46,3,FALSE) -> 1000005453 | C23: Sierra Rutile Limited | D23: Environmental Protection Agency | E23: EIA Licensing and monitoring fees | F23: Yes | G23: Yes | H23: ML2134 | I23: USD | J23: 144346.1 | K23: No
B24: =VLOOKUP(C24,'Part 3 - Reporting entities'!$B$28:$I$46,3,FALSE) -> 1000005453 | C24: Sierra Rutile Limited | D24: National Revenue Authority | E24: Import and Export duties | F24: Yes | G24: Yes | H24: ML2134 | I24: USD | J24: 62426.615 | K24: No
B25: =VLOOKUP(C25,'Part 3 - Reporting entities'!$B$28:$I$46,3,FALSE) -> 1000005453 | C25: Sierra Rutile Limited | D25: National Revenue Authority | E25: Mining Licence | F25: Yes | G25: Yes | H25: ML2134 | I25: USD | J25: 403719 | K25: No
B26: =VLOOKUP(C26,'Part 3 - Reporting entities'!$B$28:$I$46,3,FALSE) -> 1000005453 | C26: Sierra Rutile Limited | D26: National Revenue Authority | E26: Paye | F26: Yes | G26: Yes | H26: ML2134 | I26: USD | J26: 2438714.6 | K26: No
... B97: =VLOOKUP(C97,'Part 3 - Reporting entities'!$B$28:$I$46,3,FALSE) -> 0 | C97: Other Mining companies and Dimond and Gold exports | D97: National Revenue Authority | E97: WH Income Tax | F97: No | G97: No | H97: Other projects | I97: USD | J97: 1360.2102 | K97: No
H99: Total in USD | J99: =SUMIF('Part 5 - Company data'!$I$15:$I$97,"USD",'Part 5 - Company data'!$J$15:$J$97)+(IFERROR(SUMIF('Part 5 - Company data'!$I$15:$I$97,"<>USD",'Part 5 - Company data'!$J$15:$J$97)/'Part 1 - About'!$E$45,0)) -> 34504276
H101: ="Total in "&'Part 1 - About'!$E$44 -> Total in SLL | J101: =IF('Part 1 - About'!$E$44="USD",0,SUMIF('Part 5 - Company data'!$I$15:$I$97,'Part 1 - About'!$E$44,'Part 5 - Company data'!$J$15:$J$97))+(IFERROR(SUMIF('Part 5 - Company data'!$I$15:$I$97,"USD",'Part 5 - Company data'!$J$15:$J$97)*'Part 1 - About'!$E$45,0)) -> 6.5002606e+08
C106: Additional information
C107: Any additional information that is not eligible for inclusion in the table above, please include below as comments.
C109: Comment 1
C110: Comment 2
C111: Comment 3
C112: Comment 4
C113: Comment 5
C117: For the latest version of Summary data templates, see https://eiti.org/summary-data-template
C118: Give us your feedback or report a conflict in the data! Write to us at data@eiti.org
C120: EITI International Secretariat
C121: Phone: +47 222 00 800  E-mail: secretariat@eiti.org  Twitter: @EITIorg  www.eiti.org
C122: Address: Rådhusgata 26, 0151 Oslo, Norway  P.O. Box: Postboks 340 Sentrum, 0101 Oslo, Norway

Sheet Lists
A1: Table 1 - Country codes | I1: Table 2 - Simple options | K1: Table 3 - Reporting options | N1: Table 5 - Commodities list | S1: Table 6 - GFS Codes / Classification | AA1: Table 7 - Sectors | AC1: Table 8 - Project phases | AE1: Table 9 - Government entity types
A2: Country or Area name | B2: ISO Alpha-2 Code | C2: ISO Alpha-3 Code | D2: ISO Numeric Code (UN M49) | E2: Currency code (ISO-4217) | F2: Currency code num (ISO-4217) | G2: Currency | I2: List | K2: List | N2: HS ProductCode | O2: HS Product Description | P2: HS Product Description w volume | S2: Combined | T2: GFS description | U2: GFS Code | V2: GFS Level 1 | W2: GFS Level 2 | X2: GFS Level 3 | Y2: GFS Level 4 | AA2: Sector(s) | AC2: Project phases | AE2: < Agency type >
A3: United States of America | B3: US | C3: USA | D3: 840 | E3: USD | F3: 840 | G3: United States dollar | I3: < Choose option > | K3: < EITI Reporting or online? > | N3: 2606 | O3: Aluminium (2606) | P3: Aluminium (2606), volume | S3: Ordinary taxes on income, profits and capital gains (1112E1) | T3: Ordinary taxes on income, profits and capital gains | U3: 1112E1 | V3: Taxes (11E) | W3: Taxes on income, profits and capital gains (111E) | X3: Ordinary taxes on income, profits and capital gains (1112E1) | Y3: Ordinary taxes on income, profits and capital gains (1112E1) | AA3: <Choose sector> | AC3: < Choose phase > | AE3: Central goverment
A4: Afghanistan | B4: AF | C4: AFG | D4: 4 | E4: AFN | F4: 971 | G4: Afghan afghani | I4: Yes | K4: Yes, systematically disclosed | N4: 2524 | O4: Asbestos (2524) | P4: Asbestos (2524), volume | S4: Extraordinary taxes on income, profits and capital gains (1112E2) | T4: Extraordinary taxes on income, profits and capital gains | U4: 1112E2 | V4: Taxes (11E) | W4: Taxes on income, profits and capital gains (111E) | X4: Extraordinary taxes on income, profits and capital gains (1112E2) | Y4: Extraordinary taxes on income, profits and capital gains (1112E2) | AA4: Oil | AC4: Exploration | AE4: State government
A5: Aland Islands | B5: AX | C5: ALA | D5: 248 | E5: EUR | F5: 978 | G5: Euro | I5: Partially | K5: Yes, through EITI reporting | N5: 2620 | O5: Ash and residues (2620) | P5: Ash and residues (2620), volume | S5: Taxes on payroll and workforce (112E) | T5: Taxes on payroll and workforce | U5: 112E | V5: Taxes (11E) | W5: Taxes on payroll and workforce (112E) | X5: Taxes on payroll and workforce (112E) | Y5: Taxes on payroll and workforce (112E) | AA5: Gas | AC5: Production | AE5: Local government
A6: Albania | B6: AL | C6: ALB | D6: 8 | E6: ALL | F6: 8 | G6: Albanian lek | I6: No | K6: Not applicable | N6: 2714 | O6: Bitumen and asphalt (2714) | P6: Bitumen and asphalt (2714), volume | S6: Taxes on property (113E) | T6: Taxes on property | U6: 113E | V6: Taxes (11E) | W6: Taxes on property (113E) | X6: Taxes on property (113E) | Y6: Taxes on property (113E) | AA6: Mining | AC6: Development | AE6: State-owned enterprises & public corporations
A7: Algeria | B7: DZ | C7: DZA | D7: 12 | E7: DZD | F7: 12 | G7: Algerian dinar | I7: Not applicable | K7: Not available | N7: 2715 | O7: Bituminous mixtures (2715) | P7: Bituminous mixtures (2715), volume | S7: General taxes on goods and services (VAT, sales tax, turnover tax) (1141E) | T7: General taxes on goods and services (VAT, sales tax, turnover tax) | U7: 1141E | V7: Taxes (11E) | W7: Taxes on goods and services (114E) | X7: General taxes on goods and services (VAT, sales tax, turnover tax) (1141E) | Y7: General taxes on goods and services (VAT, sales tax, turnover tax) (1141E) | AA7: Not applicable | AC7: Other | AE7: Other
A8: American Samoa | B8: AS | C8: ASM | D8: 16 | E8: USD | F8: 840 | G8: United States dollar | N8: 2509 | O8: Chalk (2509) | P8: Chalk (2509), volume | S8: Excise taxes (1142E) | T8: Excise taxes | U8: 1142E | V8: Taxes (11E) | W8: Taxes on goods and services (114E) | X8: Excise taxes (1142E) | Y8: Excise taxes (1142E) | AA8: Oil & Gas | AC8: Not applicable
A9: Andorra | B9: AD | C9: AND | D9: 20 | E9: EUR | F9: 978 | G9: Euro | I9: Table 4 - Currency code list | N9: 2610 | O9: Chromium (2610) | P9: Chromium (2610), volume | S9: Licence fees (114521E) | T9: Licence fees | U9: 114521E | V9: Taxes (11E) | W9: Taxes on goods and services (114E) | X9: Taxes on use of goods/permission to use goods or perform activities (1145E) | Y9: Licence fees (114521E) | AA9: Other
A10: Angola | B10: AO | C10: AGO | D10: 24 | E10: AOA | F10: 973 | G10: Angolan kwanza | I10: Currency code (ISO-4217) | J10: Currency code num (ISO-4217) | K10: Currency | N10: 2701 | O10: Coal (2701) | P10: Coal (2701), volume | S10: Emission and pollution taxes (114522E) | T10: Emission and pollution taxes | U10: 114522E | V10: Taxes (11E) | W10: Taxes on goods and services (114E) | X10: Taxes on use of goods/permission to use goods or perform activities (1145E) | Y10: Emission and pollution taxes (114522E)
A11: Anguilla | B11: AI | C11: AIA | D11: 660 | E11: XCD | F11: 951 | G11: East Caribbean dollar | I11: AED | J11: 784 | K11: United Arab Emirates dirham | N11: 2705 | O11: Coal gas (2705) | P11: Coal gas (2705), volume | S11: Motor vehicle taxes (11451E) | T11: Motor vehicle taxes | U11: 11451E | V11: Taxes (11E) | W11: Taxes on goods and services (114E) | X11: Taxes on use of goods/permission to use goods or perform activities (1145E) | Y11: Motor vehicle taxes (11451E)
A12: Antigua and Barbuda | B12: AG | C12: ATG | D12: 28 | E12: XCD | F12: 951 | G12: East Caribbean dollar | I12: AFN | J12: 971 | K12: Afghan afghani | N12: 2605 | O12: Cobalt (2605) | P12: Cobalt (2605), volume | S12: Customs and other import duties (1151E) | T12: Customs and other import duties | U12: 1151E | V12: Taxes (11E) | W12: Taxes on international trade and transactions (115E) | X12: Customs and other import duties (1151E) | Y12: Customs and other import duties (1151E)
A13: Argentina | B13: AR | C13: ARG | D13: 32 | E13: ARS | F13: 32 | G13: Argentine peso | I13: ALL | J13: 8 | K13: Albanian lek | N13: 2704 | O13: Coke and semi-coke (2704) | P13: Coke and semi-coke (2704), volume | S13: Taxes on exports (1152E) | T13: Taxes on exports | U13: 1152E | V13: Taxes (11E) | W13: Taxes on international trade and transactions (115E) | X13: Taxes on exports (1152E) | Y13: Taxes on exports (1152E)
A14: Armenia | B14: AM | C14: ARM | D14: 51 | E14: AMD | F14: 51 | G14: Armenian dram | I14: AMD | J14: 51 | K14: Armenian dram | N14: 2603 | O14: Copper (2603) | P14: Copper (2603), volume | S14: Profits of natural resource export monopolies (1153E1) | T14: Profits of natural resource export monopolies | U14: 1153E1 | V14: Taxes (11E) | W14: Taxes on international trade and transactions (115E) | X14: Profits of natural resource export monopolies (1153E1) | Y14: Profits of natural resource export monopolies (1153E1)
A15: Aruba | B15: AW | C15: ABW | D15: 533 | E15: AWG | F15: 533 | G15: Aruban florin | I15: ANG | J15: 532 | K15: Netherlands Antillean guilder | N15: 2709 | O15: Crude oil (2709) | P15: Crude oil (2709), volume | S15: Other taxes payable by natural resource companies (116E) | T15: Other taxes payable by natural resource companies | U15: 116E | V15: Taxes (11E) | W15: Other taxes payable by natural resource companies (116E) | X15: Other taxes payable by natural resource companies (116E) | Y15: Other taxes payable by natural resource companies (116E)
A16: Australia | B16: AU | C16: AUS | D16: 36 | E16: AUD | F16: 36 | G16: Australian dollar | I16: AOA | J16: 973 | K16: Angolan kwanza | N16: 7102 | O16: Diamonds (7102) | P16: Diamonds (7102), volume | S16: Social security employer contributions (1212E) | T16: Social security employer contributions | U16: 1212E | V16: Social contributions (12E) | W16: Social security employer contributions (1212E) | X16: Social security employer contributions (1212E) | Y16: Social security employer contributions (1212E)
A17: Austria | B17: AT | C17: AUT | D17: 40 | E17: EUR | F17: 978 | G17: Euro | I17: ARS | J17: 32 | K17: Argentine peso | N17: 2518 | O17: Dolomite (2518) | P17: Dolomite (2518), volume | S17: From state-owned enterprises (1412E1) | T17: From state-owned enterprises | U17: 1412E1 | V17: Other revenue (14E) | W17: Property income (141E) | X17: Dividends (1412E) | Y17: From state-owned enterprises (1412E1)
A18: Azerbaijan | B18: AZ | C18: AZE | D18: 31 | E18: AZN | F18: 944 | G18: Azerbaijani manat | I18: AUD | J18: 36 | K18: Australian dollar | N18: 2716 | O18: Electrical energy (2716) | P18: Electrical energy (2716), volume | S18: From government participation (equity) (1412E2) | T18: From government participation (equity) | U18: 1412E2 | V18: Other revenue (14E) | W18: Property income (141E) | X18: Dividends (1412E) | Y18: From government participation (equity) (1412E2)
A19: Bahamas | B19: BS | C19: BHS | D19: 44 | E19: BSD | F19: 44 | G19: Bahamian dollar | I19: AWG | J19: 533 | K19: Aruban florin | N19: 2529 | O19: Felspar (2529) | P19: Felspar (2529), volume | S19: Withdrawals from income of quasi-corporations (1413E) | T19: Withdrawals from income of quasi-corporations | U19: 1413E | V19: Other revenue (14E) | W19: Property income (141E) | X19: Withdrawals from income of quasi-corporations (1413E) | Y19: Withdrawals from income of quasi-corporations (1413E)
A20: Bahrain | B20: BH | C20: BHR | D20: 48 | E20: BHD | F20: 48 | G20: Bahraini dinar | I20: AZN | J20: 944 | K20: Azerbaijani manat | N20: 7108 | O20: Gold (7108) | P20: Gold (7108), volume | S20: Royalties (1415E1) | T20: Royalties | U20: 1415E1 | V20: Other revenue (14E) | W20: Property income (141E) | X20: Rent (1415E) | Y20: Royalties (1415E1)
A21: Bangladesh | B21: BD | C21: BGD | D21: 50 | E21: BDT | F21: 50 | G21: Bangladeshi taka | I21: BAM | J21: 977 | K21: Bosnia and Herzegovina convertible mark | N21: 2516 | O21: Granite (2516) | P21: Granite (2516), volume | S21: Bonuses (1415E2) | T21: Bonuses | U21: 1415E2 | V21: Other revenue (14E) | W21: Property income (141E) | X21: Rent (1415E) | Y21: Bonuses (1415E2)
A22: Barbados | B22: BB | C22: BRB | D22: 52 | E22: BBD | F22: 52 | G22: Barbadian dollar | I22: BBD | J22: 52 | K22: Barbadian dollar | N22: 2618 | O22: Granulated slag (2618) | P22: Granulated slag (2618), volume | S22: Delivered/paid directly to government (1415E31) | T22: Delivered/paid directly to government | U22: 1415E31 | V22: Other revenue (14E) | W22: Property income (141E) | X22: Rent (1415E) | Y22: Production entitlements (in-kind or cash) (1415E3)
... A30: Bosnia and Herzegovina | B30: BA | C30: BIH | D30: 70 | E30: BAM | F30: 977 | G30: Bosnia and Herzegovina convertible mark | I30: BRL | J30: 986 | K30: Brazilian real | N30: 2602 | O30: Manganese (2602) | P30: Manganese (2602), volume | S30: <Choose from menu> | T30: <Choose from menu> | U30: <Choose from menu> | V30: <Choose from menu> | W30: <Choose from menu> | X30: <Choose from menu> | Y30: <Choose from menu>
A31: Botswana | B31: BW | C31: BWA | D31: 72 | E31: BWP | F31: 72 | G31: Botswana pula | I31: BSD | J31: 44 | K31: Bahamian dollar | N31: 2515 | O31: Marble (2515) | P31: Marble (2515), volume
A32: Brazil | B32: BR | C32: BRA | D32: 76 | E32: BRL | F32: 986 | G32: Brazilian real | I32: BTN | J32: 64 | K32: Bhutanese ngultrum | N32: 2525 | O32: Mica (2525) | P32: Mica (2525), volume
A33: British Indian Ocean Territory | B33: IO | C33: IOT | D33: 86 | E33: USD | F33: 840 | G33: United States dollar | I33: BWP | J33: 72 | K33: Botswana pula | N33: 2530 | O33: Mineral substances not elsewhere specified (2530) | P33: Mineral substances not elsewhere specified (2530), volume
A34: British Virgin Islands | B34: VG | C34: VGB | D34: 92 | E34: USD | F34: 840 | G34: United States dollar | I34: BYR | J34: 974 | K34: Belarussian ruble | N34: 2613 | O34: Molybdenum (2613) | P34: Molybdenum (2613), volume
A35: Brunei Darussalam | B35: BN | C35: BRN | D35: 96 | E35: BND | F35: 96 | G35: Brunei dollar | I35: BZD | J35: 84 | K35: Belize dollar | N35: 2511 | O35: Natural barium sulphate (2511) | P35: Natural barium sulphate (2511), volume
A36: Bulgaria | B36: BG | C36: BGR | D36: 100 | E36: BGN | F36: 975 | G36: Bulgarian lev (old) | I36: CAD | J36: 124 | K36: Canadian dollar | N36: 2528 | O36: Natural borates and concentrates (2528) | P36: Natural borates and concentrates (2528), volume
A37: Burkina Faso | B37: BF | C37: BFA | D37: 854 | E37: XOF | F37: 952 | G37: West African CFA franc | I37: CDF | J37: 976 | K37: Congolese franc | N37: 2510 | O37: Natural calcium phosphates (2510) | P37: Natural calcium phosphates (2510), volume
A38: Burundi | B38: BI | C38: BDI | D38: 108 | E38: BIF | F38: 108 | G38: Burundian franc | I38: CHF | J38: 756 | K38: Swiss franc | N38: 2527 | O38: Natural cryolite (2527) | P38: Natural cryolite (2527), volume
A39: Cambodia | B39: KH | C39: KHM | D39: 116 | E39: KHR | F39: 116 | G39: Cambodian Riel | I39: CLF | J39: 990 | K39: Chilean Unidad de Fomento | N39: 2711 | O39: Natural gas (2711) | P39: Natural gas (2711), volume
A40: Cameroon | B40: CM | C40: CMR | D40: 120 | E40: XAF | F40: 950 | G40: Central African CFA franc | I40: CNH | J40: 0 | K40: Chinese yuan renminbi (offshore) | N40: 2504 | O40: Natural graphite (2504) | P40: Natural graphite (2504), volume
A41: Canada | B41: CA | C41: CAN | D41: 124 | E41: CAD | F41: 124 | G41: Canadian dollar | I41: COP | J41: 170 | K41: Colombian peso | N41: 2519 | O41: Natural magnesium carbonate (2519) | P41: Natural magnesium carbonate (2519), volume
A42: Cape Verde | B42: CV | C42: CPV | D42: 132 | E42: CVE | F42: 132 | G42: Cape Verdean escudo | I42: CRC | J42: 188 | K42: Costa Rican colon | N42: 2505 | O42: Natural sands (2505) | P42: Natural sands (2505), volume
... A72: Faroe Islands | B72: FO | C72: FRO | D72: 234 | E72: DKK | F72: 208 | G72: Danish krone | I72: IMP | J72: 0 | K72: Isle of Man Pound | N72: 2608 | O72: Zinc (2608) | P72: Zinc (2608), volume
A73: Fiji | B73: FJ | C73: FJI | D73: 242 | E73: FJD | F73: 242 | G73: Fijian dollar | I73: INR | J73: 356 | K73: Indian Rupee
A74: Finland | B74: FI | C74: FIN | D74: 246 | E74: EUR | F74: 978 | G74: Euro | I74: IQD | J74: 368 | K74: Iraqi dinar
A75: France | B75: FR | C75: FRA | D75: 250 | E75: EUR | F75: 978 | G75: Euro | I75: IRR | J75: 364 | K75: Iranian Rial
A76: French Guiana | B76: GF | C76: GUF | D76: 254 | E76: EUR | F76: 978 | G76: Euro | I76: ISK | J76: 352 | K76: Icelandic króna
A77: French Polynesia | B77: PF | C77: PYF | D77: 258 | E77: EUR | F77: 978 | G77: Euro | I77: JEP | J77: 0 | K77: Jersey Pound
A78: French Southern Territories | B78: TF | C78: ATF | D78: 260 | E78: EUR | F78: 978 | G78: Euro | I78: JMD | J78: 388 | K78: Jamaican Dollar
A79: Gabon | B79: GA | C79: GAB | D79: 266 | E79: XAF | F79: 950 | G79: Central African CFA franc | I79: JOD | J79: 400 | K79: Jordanian Dinar
A80: Gambia | B80: GM | C80: GMB | D80: 270 | E80: GMD | F80: 270 | G80: Gambian dalasi | I80: JPY | J80: 392 | K80: Japanese Yen
A81: Georgia | B81: GE | C81: GEO | D81: 268 | E81: GEL | F81: 981 | G81: Georgian lari | I81: KES | J81: 404 | K81: Kenyan Shilling
A82: Germany | B82: DE | C82: DEU | D82: 276 | E82: EUR | F82: 978 | G82: Euro | I82: KGS | J82: 417 | K82: Kyrgyzstani Som
A83: Ghana | B83: GH | C83: GHA | D83: 288 | E83: GHS | F83: 936 | G83: Ghanaian cedi | I83: KHR | J83: 116 | K83: Cambodian Riel
A84: Gibraltar | B84: GI | C84: GIB | D84: 292 | E84: GIP | F84: 292 | G84: Gibraltar pound | I84: KMF | J84: 174 | K84: Comorian Franc
... A95: Haiti | B95: HT | C95: HTI | D95: 332 | E95: HTG | F95: 332 | G95: Haitian Gourde | I95: LYD | J95: 434 | K95: Libyan Dinar
A96: Heard and Mcdonald Islands | B96: HM | C96: HMD | D96: 334 | I96: MAD | J96: 504 | K96: Moroccan Dirham
A97: Honduras | B97: HN | C97: HND | D97: 340 | E97: HNL | F97: 340 | G97: Honduran Lempira | I97: MDL | J97: 498 | K97: Moldovan Leu
A98: Hong Kong | B98: HK | C98: HKG | D98: 344 | E98: HKD | F98: 344 | G98: Hong Kong Dollar | I98: MGA | J98: 969 | K98: Malagasy Ariary
A99: Hungary | B99: HU | C99: HUN | D99: 348 | E99: HUF | F99: 348 | G99: Hungarian Forint | I99: MKD | J99: 807 | K99: Macedonian denar
A100: Iceland | B100: IS | C100: ISL | D100: 352 | E100: ISK | F100: 352 | G100: Icelandic króna | I100: MMK | J100: 104 | K100: Burmese Kyat
A101: India | B101: IN | C101: IND | D101: 356 | E101: INR | F101: 356 | G101: Indian Rupee | I101: MNT | J101: 496 | K101: Mongolian Tugrik
A102: Indonesia | B102: ID | C102: IDN | D102: 360 | E102: IDR | F102: 360 | G102: Indonesian Rupiah | I102: MOP | J102: 446 | K102: Macanese patca
A103: Iran | B103: IR | C103: IRN | D103: 364 | E103: IRR | F103: 364 | G103: Iranian Rial | I103: MRO | J103: 478 | K103: Mauritanian Ouguiya
A104: Iraq | B104: IQ | C104: IRQ | D104: 368 | E104: IQD | F104: 368 | G104: Iraqi dinar | I104: MUR | J104: 480 | K104: Mauritian Rupee
A105: Ireland | B105: IE | C105: IRL | D105: 372 | E105: EUR | F105: 978 | G105: Euro | I105: MVR | J105: 462 | K105: Maldivian Rufiyaa
A106: Isle of Man | B106: IM | C106: IMN | D106: 833 | E106: IMP | F106: 0 | G106: Isle of Man Pound | I106: MWK | J106: 454 | K106: Malawian kwacha
A107: Israel | B107: IL | C107: ISR | D107: 376 | E107: ILS | F107: 376 | G107: Israeli New Shekel | I107: MXN | J107: 484 | K107: Mexican Peso
A108: Italy | B108: IT | C108: ITA | D108: 380 | E108: EUR | F108: 978 | G108: Euro | I108: MYR | J108: 458 | K108: Malaysian Ringgit
... A114: Kenya | B114: KE | C114: KEN | D114: 404 | E114: KES | F114: 404 | G114: Kenyan Shilling | I114: NPR | J114: 524 | K114: Nepalese Rupee
A115: Kiribati | B115: KI | C115: KIR | D115: 296 | I115: NZD | J115: 554 | K115: New Zealand Dollar
A116: Korea (North) | B116: KP | C116: PRK | D116: 408 | E116: KPW | F116: 408 | G116: North Korean Won | I116: OMR | J116: 512 | K116: Omani Rial
A117: Korea (South) | B117: KR | C117: KOR | D117: 410 | E117: KRW | F117: 410 | G117: South Korean Won | I117: PAB | J117: 590 | K117: Panamanian balboa
A118: Kosovo | B118: XK | C118: XKX | D118: - | E118: EUR | F118: 978 | G118: Euro | I118: PEN | J118: 604 | K118: Peruvian Sol
A119: Kuwait | B119: KW | C119: KWT | D119: 414 | E119: KWD | F119: 414 | G119: Kuwaiti Dinar | I119: PGK | J119: 598 | K119: Papua New Guinean Kina
A120: Kyrgyz Republic | B120: KG | C120: KGZ | D120: 417 | E120: KGS | F120: 417 | G120: Kyrgyzstani Som | I120: PHP | J120: 608 | K120: Philippine Peso
A121: Lao PDR | B121: LA | C121: LAO | D121: 418 | E121: LAK | F121: 418 | G121: Lao Kip | I121: PKR | J121: 586 | K121: Pakistani Rupee
A122: Latvia | B122: LV | C122: LVA | D122: 428 | E122: EUR | F122: 978 | G122: Euro | I122: PLN | J122: 985 | K122: Polish Zloty
A123: Lebanon | B123: LB | C123: LBN | D123: 422 | E123: LBP | F123: 422 | G123: Lebanese Pound | I123: PYG | J123: 600 | K123: Paraguayan guaraní
A124: Lesotho | B124: LS | C124: LSO | D124: 426 | E124: LSL | F124: 426 | G124: Lesotho loti | I124: QAR | J124: 634 | K124: Qatari Riyal
A125: Liberia | B125: LR | C125: LBR | D125: 430 | E125: LRD | F125: 430 | G125: Liberian Dollar | I125: RON | J125: 946 | K125: Romanian Leu
A126: Libya | B126: LY | C126: LBY | D126: 434 | E126: LYD | F126: 434 | G126: Libyan Dinar | I126: RSD | J126: 941 | K126: Serbian Dinar
A127: Liechtenstein | B127: LI | C127: LIE | D127: 438 | E127: CHF | F127: 756 | G127: Swiss franc | I127: RUB | J127: 643 | K127: Russian Ruble
... A153: Namibia | B153: NA | C153: NAM | D153: 516 | E153: NAD | F153: 516 | G153: Namibian Dollar | I153: UAH | J153: 980 | K153: Ukrainian Hryvnia
A154: Nauru | B154: NR | C154: NRU | D154: 520 | I154: UGX | J154: 800 | K154: Ugandan shilling
A155: Nepal | B155: NP | C155: NPL | D155: 524 | E155: NPR | F155: 524 | G155: Nepalese Rupee | I155: USD | J155: 840 | K155: United States dollar
A156: Netherlands | B156: NL | C156: NLD | D156: 528 | E156: EUR | F156: 978 | G156: Euro | I156: USD
A157: Netherlands Antilles | B157: AN | C157: ANT | D157: 530 | E157: ANG | F157: 532 | G157: Netherlands Antillean guilder | I157: UYU | J157: 858 | K157: Uruguayan Peso
A158: New Caledonia | B158: NC | C158: NCL | D158: 540 | I158: UZS | J158: 860 | K158: Uzbekistani Som
A159: New Zealand | B159: NZ | C159: NZL | D159: 554 | E159: NZD | F159: 554 | G159: New Zealand Dollar | I159: VEF | J159: 937 | K159: Venezuelan Bolívar fuerte
A160: Nicaragua | B160: NI | C160: NIC | D160: 558 | E160: NIO | F160: 558 | G160: Nicaraguan córdoba oro | I160: VND | J160: 704 | K160: Vietnamese Dong
A161: Niger | B161: NE | C161: NER | D161: 562 | E161: XOF | F161: 952 | G161: West African CFA franc | I161: VUV | J161: 548 | K161: Vanuatu Vatu
A162: Nigeria | B162: NG | C162: NGA | D162: 566 | E162: NGN | F162: 566 | G162: Nigerian Naira | I162: WST | J162: 882 | K162: Samoan tala
A163: Niue | B163: NU | C163: NIU | D163: 570 | I163: XAF | J163: 950 | K163: Central African CFA franc
A164: Norfolk Island | B164: NF | C164: NFK | D164: 574 | I164: XCD | J164: 951 | K164: East Caribbean dollar
A165: Northern Mariana Islands | B165: MP | C165: MNP | D165: 580 | E165: USD | F165: 840 | G165: United States dollar | I165: XOF | J165: 952 | K165: West African CFA franc
A166: Norway | B166: NO | C166: NOR | D166: 578 | E166: NOK | F166: 578 | G166: Norwegian Krone | I166: YER | J166: 886 | K166: Yemeni Rial
A167: Oman | B167: OM | C167: OMN | D167: 512 | E167: OMR | F167: 512 | G167: Omani Rial | I167: ZAR | J167: 710 | K167: South African Rand
A168: Pakistan | B168: PK | C168: PAK | D168: 586 | E168: PKR | F168: 586 | G168: Pakistani Rupee | I168: ZMW | J168: 967 | K168: Zambian Kwacha
A169: Palau | B169: PW | C169: PLW | D169: 585 | E169: USD | F169: 840 | G169: United States dollar
A170: Palestinian Territory | B170: PS | C170: PSE | D170: 275
A171: Panama | B171: PA | C171: PAN | D171: 591 | E171: PAB | F171: 590 | G171: Panamanian balboa
A172: Papua New Guinea | B172: PG | C172: PNG | D172: 598 | E172: PGK | F172: 598 | G172: Papua New Guinean Kina
A173: Paraguay | B173: PY | C173: PRY | D173: 600 | E173: PYG | F173: 600 | G173: Paraguayan guaraní
A174: Peru | B174: PE | C174: PER | D174: 604 | E174: PEN | F174: 604 | G174: Peruvian Sol
A175: Philippines | B175: PH | C175: PHL | D175: 608 | E175: PHP | F175: 608 | G175: Philippine Peso
A176: Pitcairn | B176: PN | C176: PCN | D176: 612
...
